 Dungeon Crawl Stone Soup version 0.28.0 (webtiles) character file.

Game seed: 6723498284090405629

529283 ragingrage the Conqueror (level 24, -14/249 HPs)
             Began as a Minotaur Berserker on Feb 5, 2022.
             Was the Champion of Trog.
             Killed from afar by a Killer Klown (26 damage)
             ... with a klown pie
             ... on level 5 of the Realm of Zot.
             The game lasted 00:52:31 (68111 turns).

ragingrage the Conqueror (Minotaur Berserker)      Turns: 68111, Time: 00:52:32

Health: -14/249    AC: -4    Str: 29    XL:     24   Next: 37%
Magic:  0/22       EV: 23    Int:  4    God:    Trog [******]
Gold:   1962       SH:  0    Dex: 13    Spells: 23/23 levels left

rFire   . . .      SeeInvis .   (weapon currently unavailable)
rCold   . . .      Faith    .   (shield currently unavailable)
rNeg    . . .      Spirit   +   (armour currently unavailable)
rPois   .          Reflect  .   (helmet currently unavailable)
rElec   .          Harm     .   (cloak currently unavailable)
rCorr   .          Rampage  .   (gloves currently unavailable)
Will    +....      Rnd*Tele +   (boots currently unavailable)
Stlth   +.........              z - amulet of guardian spirit
HPRegen 0.51/turn               (ring currently unavailable)
MPRegen 0.18/turn               (ring currently unavailable)

@: pig-form, corroded, on berserk cooldown, studying 2 skills, unable to read,
very quick
A: fast, no casting, small, (horns 2), (retaliatory headbutt), clumsy 1,
teleportitis 1, evolution 1, inability to read while threatened
}: 3/15 runes: decaying, silver, gossamer
a: Renounce Religion, Berserk, Trog's Hand, Brothers in Arms


You were on level 5 of the Realm of Zot.
You worshipped Trog.
Trog was exalted by your worship.
You were a filthy swine.
You visited 9 branches of the dungeon, and saw 46 of its levels.
You also visited: Ossuary.

You collected 5968 gold pieces.
You spent 4006 gold pieces at shops.

Inventory:

Hand Weapons
 a - a +9 executioner's axe of electrocution (melded)
 b - the +5 demon whip "Spellbinder" {antimagic, Will+}
   (You found it on level 3 of the Depths)

   It reduces the magical energy of the wielder, and disrupts the spells and
   magical abilities of those it strikes.
   Natural abilities and divine invocations are not affected.
   It unleashes wild and unpredictable magical effects upon striking a wizard or
   a creature with magical abilities.
   Will:      It increases your willpower.
 T - the +10 battleaxe of Trog's Brutal Revenge {vorpal, rPois rF+ rCorr}
   (Trog gifted it to you on level 4 of the Spider Nest)

   It inflicts extra damage upon your enemies.
   rF:        It protects you from fire.
   rPois:     It protects you from poison.
   rCorr:     It protects you from acid and corrosion.
 V - the +4 executioner's axe of Punishment {venom, +Blink rF+ Will+}
   (You bought it in a shop on level 10 of the Dungeon)

   It poisons the flesh of those it strikes.
   rF:        It protects you from fire.
   +Blink:    It lets you blink.
   Will:      It increases your willpower.
Missiles
 g - 9 curare-tipped darts
 y - 71 poisoned darts (quivered)
 M - 4 throwing nets
Armour
 c - a +2 hat of intelligence (melded)
 i - a scarf of resistance (melded)
 t - the +0 pair of fencer's gloves (melded) {Riposte Dex+3}
   (You acquired it on level 12 of the Dungeon)

   It allows the wearer to riposte with melee weapons, swiftly retaliating
   against missed attacks.
   Dex:       It affects your dexterity (+3).
 E - the +0 pair of boots of the Moneychanger (melded) {+Blink rN+}
   (You bought it in a shop on level 3 of the Vaults)

   rN:        It protects you from negative energy.
   +Blink:    It lets you blink.
 P - the +9 scales of the Dragon King (melded) {rPois rF+ rC+ Will+}
   (You bought it in a shop on level 3 of the Vaults)

   rF:        It protects you from fire.
   rC:        It protects you from cold.
   rPois:     It protects you from poison.
   Will:      It increases your willpower.
Jewellery
 e - a +4 ring of slaying (melded)
 z - an amulet of guardian spirit (around neck)
 Y - a +4 ring of slaying (melded)
Wands
 j - a wand of acid (12)
 v - a wand of polymorph (5)
 C - a wand of digging (19)
 F - a wand of paralysis (28)
 L - a wand of iceblast (41)
 R - a wand of mindburst (21)
 S - a wand of flame (108)
 Z - a wand of charming (10)
Scrolls
 h - 5 scrolls of blinking
 n - 9 scrolls of immolation
 q - 10 scrolls of fog
 r - 29 scrolls of identify
 s - 24 scrolls of teleportation
 w - 2 scrolls of fear
 B - 7 scrolls of enchant armour
 H - 6 scrolls of silence
 N - a scroll of holy word
 O - a scroll of brand weapon
 Q - 4 scrolls of magic mapping
 W - 4 scrolls of summoning
Potions
 d - a potion of resistance
 f - 9 potions of curing
 k - 6 potions of mutation
 m - 13 potions of might
 o - 2 potions of heal wounds
 u - 3 potions of cancellation
 x - 2 potions of invisibility
 A - a potion of magic
 D - a potion of haste
 G - 3 potions of lignification
 I - a potion of attraction
 J - 12 potions of flight
 K - 4 potions of berserk rage
 X - 11 potions of ambrosia
Miscellaneous
 l - a tin of tremorstones (2/2)
 p - a condenser vane (inert)
 U - a lightning rod (4/4)


   Skills:
 O Level 27 Fighting
 - Level 24.0 Axes
 + Level 12.1 Throwing
 - Level 20.0 Armour
 + Level 17.0 Dodging
 + Level 17.5 Evocations


You had 23 spell levels left.
You didn't know any spells.
Your spell library was empty.

Dungeon Overview and Level Annotations

Branches:
Dungeon (15/15)            Temple (0/1) D:6            Lair (6/6) D:9
  Swamp (4/4) Lair:2       Spider (4/4) Lair:3        Slime (0/5) Lair:6
    Orc (2/2) D:10            Elf (1/3) Orc:2        Vaults (5/5) D:14
  Crypt (0/3) Vaults:2     Depths (4/4) D:15            Zot (5/5) Depths:4
Ossuary (visited)

Altars:
Cheibriados
Dithmenos
Elyvilon
Fedhas
Hepliaklqana
Kikubaaqudgha
Makhleb
Nemelex Xobeh
Ru
Uskayaw
Vehumet
Xom
Zin

Shops:
D:10 (   D:11 **   D:13 [   Orc:2 **(**   Elf:1 (   Vaults:3 [   Depths:2 (
Depths:4 (

Portals:
Hell: Depths:1 Depths:2
Abyss: Depths:2
Pandemonium: Depths:1 Depths:2
Ziggurat: Depths:2

Annotations:
Lair:2 exclusion: 3 oklob plants
Depths:3 3 runed translucent doors
Zot:1 1 runed translucent door, Sebriys's ghost, legendary TrBe
Zot:3 exclusion: upstairs


Innate Abilities, Weirdness & Mutations

You are a filthy swine.
You move quickly.
Your equipment is almost entirely melded.
You are incapable of wielding weapons or throwing items.
You cannot cast spells.
((You have a pair of horns on your head.))
((You reflexively headbutt those who attack you in melee.))
You are clumsy. (Dex -2)
You are occasionally teleported next to monsters.
You have hidden genetic potential.
You sometimes lose the ability to read scrolls when taking damage.


Message History

The bolt of dispelling energy hits you!!
You feel strangely stable.
Your magical effects are unravelling.
* * * LOW HITPOINT WARNING * * *
The green draconian monk is engulfed in blazing flames.
The Killer Klown drops a net on you.
You become entangled in the net!
The yellow draconian spits acid at you. The glob of acid hits you.
* * * LOW HITPOINT WARNING * * *
The acid corrodes you!
The green draconian is engulfed in blazing flames.
The orb of fire glows bright magenta.
Strange energies course through your body.
You feel a hidden potential growing inside you.
The orb of fire glows bright magenta.
The bolt of fire hits you!! You resist.
* * * LOW HITPOINT WARNING * * *
You blink.
The sentinel's mark upon you fades away.
The Killer Klown is engulfed in blazing flames.
The Killer Klown blinks!
The golden dragon fails to trigger a net trap.
The green draconian monk is engulfed in blazing flames.
The purple draconian is engulfed in poison gas.
The purple draconian is poisoned.
The Killer Klown is engulfed in poison gas.
The Killer Klown is poisoned.
The Killer Klown pies you viciously! The klown pie hits you!!
Moon pie!
You turn into a filthy swine.
Your +9 executioner's axe of electrocution melds into your body.
Your scarf of resistance melds into your body.
Your +2 hat of intelligence melds into your body.
The +0 pair of fencer's gloves {Riposte Dex+3} melds into your body.
The +0 pair of boots of the Moneychanger {+Blink rN+} melds into your body.
The +9 scales of the Dragon King {rPois rF+ rC+ Will+} melds into your body.
Your +4 ring of slaying melds into your body. x2
Your +9 executioner's axe of electrocution stops crackling.
You feel hot and cold all over.
You feel stupid.
You die...

**../....,,,,,,,,,^,,***
*▓......,,^,,,,,,****
▓▓8....##▓▓▓▓▓▓▓▓▓▓▓#
*#.^^...........^.^.)###
**.^...○d○§§......##))).##
**,.....○○d§^§^..§..###.).##
*,,....Dp°§§§§§§.§...###....
*,,.....p○§q§d*§°§...# ##...
*^,.....○☼○h*§§°.d...# #...
*,,........d)§§§.....# ##..
*,,.........§d§§..)..# #..
*,,..................# ##..
**,..............^..## #...
**................## ##...
**...^.......^..## #....
*###############▓▓▓▓#####
#.....⌠#


You could see 2 orbs of fire, 2 Killer Klowns, a green draconian monk, a golden
dragon, 2 draconians, 2 draconians and 2 draconians.

Vanquished Creatures
  3 dread liches
  An orb of fire (Zot:1)
  A juggernaut (Depths:3)
  2 Killer Klowns (Zot:5)
  3 curse toes
  6 golden dragons
  2 bone dragons
  An electric golem (Zot:1)
  4 liches
  15 tentacled monstrosities
  10 Orb Guardians (Zot:5)
  A walking divine tome (Depths:4)
  4 titans
  4 quicksilver dragons
  4 sphinxes
  4 death cobs
  Frances (Spider:2)
  2 thorn hunters
  8 storm dragons
  5 shadow dragons
  4 tengu reavers
  Donald (Elf:1)
  6 emperor scorpions
  A draconian monk (Depths:4)
  A deep elf sorcerer (Vaults:5)
  3 fenstrider witches (Swamp:4)
  8 fire giants
  A draconian knight (Zot:4)
  9 frost giants
  A draconian scorcher (Zot:5)
  An iron dragon (Vaults:5)
  A cacodemon (Depths:1)
  9 vault wardens
  3 draconian shifters
  2 draconian stormcallers
  Louise (Depths:2)
  3 ghouls (Swamp:2)
  3 spriggan defenders
  A draconian annihilator (Zot:4)
  The ghost of danielguo94 the Bludgeoner, a journeyman GrFi of the Shining One (Orc:2)
  13 ironbound preservers
  3 war gargoyles
  21 very ugly things
  5 broodmothers
  11 stone giants
  3 ironbound thunderhulks
  A vampire knight (Depths:3)
  4 eleionomae
  4 green draconians
  A deep elf demonologist (Vaults:5)
  5 purple draconians
  A deep elf annihilator (Vaults:5)
  8 yellow draconians
  11 spark wasps
  7 black draconians
  4 entropy weavers
  An entropy weaver (shapeshifter) (Vaults:5)
  11 dire elephants
  4 white draconians
  3 red draconians
  3 bunyips
  Snorg (D:12)
  9 ettins
  7 fire dragons
  2 green deaths (Swamp:4)
  3 deep elf high priests
  The ghost of Dikli the Blocker, a journeyman MiBe of Trog (Lair:3)
  13 yaktaur captains
  A caustic shrike simulacrum (Depths:2)
  A rakshasa (Depths:1)
  Josephine (Spider:1)
  11 boulder beetles
  5 spriggan air magi
  10 great orbs of eyes
  20 hydras
  2 jorogumos
  8 ogre magi
  12 centaur warriors
  29 vault guards
  A catoblepas (Lair:3)
  3 peacekeepers
  7 ice dragons
  5 ironbound frosthearts
  A radroach (Spider:4)
  3 deep troll shamans
  2 ghost crabs
  An anaconda (shapeshifter) (Vaults:5)
  11 two-headed ogres
  A death knight (D:12)
  5 deep troll earth magi
  10 alligators
  A radroach (shapeshifter) (Vaults:5)
  A death scarab (Spider:2)
  4 spriggan berserkers
  5 tengu warriors
  2 vampire magi
  A dancing weapon (Elf:1)
  2 orc high priests
  8 hell knights
  A soul eater (Swamp:4)
  3 deep elf knights (Elf:1)
  3 iron trolls
  A sixfirhy (Swamp:4)
  10 pharaoh ants
  2 sun moths
  4 goliath frogs
  4 deep elf archers (Elf:1)
  41 deep trolls
  2 flayed ghosts
  A glowing orange brain (Depths:2)
  9 orb spiders
  4 steelbarb worms
  4 swamp dragons
  12 spriggan druids
  10 wizards
  8 bog bodies
  2 necromancers
  An obsidian statue (Vaults:1)
  10 lindwurms
  7 orc knights
  13 ironbound convokers
  Pikel (D:8)
  15 deep elf zephyrmancers
  A wolf spider zombie (D:15)
  13 deep elf pyromancers
  A mana viper (shapeshifter) (Vaults:4)
  17 wolf spiders
  3 phantasmal warriors
  4 orc sorcerers
  4 will-o-the-wisps
  29 ugly things
  19 moths of wrath
  3 manticores
  8 cyclopes
  3 elephants (Lair:5)
  A naga mage (D:15)
  A guardian serpent (Lair:6)
  7 spectral spriggans (Swamp:2)
  A water nymph (shapeshifter) (Vaults:5)
  2 smoke demons
  24 vault sentinels
  9 cane toads
  8 torpor snails
  3 gargoyles
  11 black mambas
  A fire giant skeleton (Depths:2)
  An unseen horror (D:8)
  6 kobold demonologists
  2 orange demons
  6 demonic crawlers
  An efreet (D:14)
  6 rime drakes
  An ice devil (Depths:1)
  9 komodo dragons
  4 freezing wraiths
  4 hellwings (Swamp:4)
  6 tengu conjurers
  32 yaktaurs
  12 trolls
  A polar bear (shapeshifter) (D:12)
  5 tyrant leeches
  15 meliai
  5 polar bears
  26 slime creatures
  31 tarantellas
  14 hornets
  Grinder (D:3)
  24 blink frogs
  A meliai zombie (D:11)
  28 culicivoras
  A spriggan skeleton (Depths:2)
  Sigmund (D:5)
  34 jumping spiders
  The ghost of DemonSlayer the Conjurer, an amateur DECj (D:6)
  9 wraiths
  16 wyverns
  2 centaur simulacra (D:15)
  2 shadows (D:12)
  A vampire (D:14)
  7 basilisks
  28 spriggans
  A chaos spawn (Swamp:4)
  A water elemental (D:14)
  37 yaks
  2 fire elementals (Elf:1)
  54 redbacks
  A neqoxec (Swamp:4)
  3 steam dragons
  The ghost of RighteousDevil the Cudgeller, an amateur DsCA of Ignis (D:4)
  11 swamp worms
  22 vampire mosquitoes
  Menkaure (Ossuary)
  8 wargs
  26 water moccasins
  An acid dragon (D:12)
  3 floating eyes
  A human skeleton (Depths:2)
  A floating eye (shapeshifter) (Vaults:5)
  43 orc warriors
  2 black bears
  A hornet zombie (D:6)
  4 swamp drakes
  2 sky beasts
  3 ice beasts (D:6)
  9 ogres
  11 centaurs
  A phantom (D:6)
  6 wolves
  A lemure (D:8)
  2 gnoll sergeants (D:12)
  4 kobold brigands
  Blork the orc (D:4)
  4 scorpions
  11 bullfrogs
  An earth elemental (Elf:1)
  A water moccasin skeleton (D:5)
  2 wyvern skeletons (D:7)
  8 wights
  A howler monkey (D:5)
  5 electric eels
  A bullfrog zombie (D:5)
  7 centaur zombies
  5 hounds
  A bullfrog skeleton (D:6)
  8 orc priests
  2 centaur skeletons
  3 gnoll shamans
  6 jellies
  15 iguanas
  Ijyb (D:3)
  Natasha (thrice) (D:2)
  20 orc wizards
  4 hell rats (Lair:4)
  2 killer bee zombies
  A hound zombie (D:5)
  3 mummies (Ossuary)
  A howler monkey zombie (D:10)
  Robin (D:3)
  19 gnolls
  2 howler monkey skeletons
  4 adders
  3 shadow imps
  3 white imps
  2 worms
  3 dart slugs
  69 orcs
  8 bats
  10 endoplasms
  4 giant cockroaches
  4 gnoll zombies (Ossuary)
  20 goblins
  11 hobgoblins
  4 quokkas
  6 ball pythons
  3 frilled lizards
  7 gnoll skeletons (Ossuary)
  A goblin skeleton (Ossuary)
  3 goblin zombies (Ossuary)
  3 hobgoblin skeletons (Ossuary)
  4 hobgoblin zombies (Ossuary)
  31 kobolds
  4 kobold skeletons (Ossuary)
  6 kobold zombies (Ossuary)
  3 orc skeletons (Ossuary)
  2 orc zombies (Ossuary)
  9 rats
  7 rat skeletons (Ossuary)
  6 rat zombies (Ossuary)
  A spectral goblin (D:7)
  9 briar patches
  A bush (Depths:1)
1812 creatures vanquished.

Vanquished Creatures (collateral kills)
  A deep elf death mage (Vaults:5)
  A boulder beetle (D:12)
  A catoblepas (D:15)
  2 cyclopes (D:12)
  2 wolf spiders (Spider:1)
  A slime creature (Vaults:1)
  A moth of wrath (Zot:4)
  A troll (D:12)
  A jumping spider (Spider:1)
  A redback (Spider:1)
  2 orc warriors (Orc:2)
  3 orcs (Orc:2)
17 creatures vanquished.

Vanquished Creatures (others)
  A bunyip (Swamp:4)
  An ironbound convoker (Vaults:3)
  3 wizards
  A will-o-the-wisp (Swamp:4)
  6 bloated husks
  A blink frog (Lair:3)
  A jumping spider (Spider:3)
  A chaos spawn (Depths:1)
  A human (D:9)
  2 orcs (Depths:4)
  128 bushes (Depths:1)
  22 foxfires
  41 fungi
  164 plants
373 creatures vanquished.

Grand Total: 2202 creatures vanquished

Notes
Turn   | Place    | Note
-------+----------+-------------------------------------------
     0 | D:1      | ragingrage the Minotaur Berserker began the quest for the
                  | Orb.
     0 | D:1      | Reached XP level 1. HP: 19/19 MP: 0/0
   344 | D:1      | Reached XP level 2. HP: 27/27 MP: 1/1
   427 | D:1      | Reached skill level 4 in Fighting
  1121 | D:2      | Found a faded altar of an unknown god.
  1354 | D:2      | Reached XP level 3. HP: 24/33 MP: 2/2
  1550 | D:2      | Noticed Natasha
  1562 | D:2      | Killed Natasha
  1563 | D:2      | Reached skill level 5 in Axes
  1763 | D:2      | Noticed Natasha
  1768 | D:2      | Killed Natasha
  1769 | D:2      | Reached XP level 4. HP: 33/41 MP: 3/3
  1779 | D:2      | Noticed Natasha
  1785 | D:2      | Killed Natasha
  2191 | D:3      | Noticed Ijyb
  2200 | D:3      | Killed Ijyb
  2201 | D:3      | Reached skill level 5 in Fighting
  2201 | D:3      | Reached XP level 5. HP: 18/48 MP: 4/4
  2524 | D:3      | Reached ** piety under Trog
  2724 | D:3      | Found a blossoming altar of Fedhas.
  2889 | D:3      | Noticed Robin
  2900 | D:3      | Killed Robin
  3265 | D:3      | Found a glowing silver altar of Zin.
  3498 | D:3      | Noticed Grinder
  3505 | D:3      | Killed Grinder
  3506 | D:3      | Reached skill level 6 in Fighting
  3506 | D:3      | Reached XP level 6. HP: 55/57 MP: 5/5
  3708 | D:4      | Noticed Blork the orc
  4276 | D:4      | Killed Blork the orc
  4277 | D:4      | Reached XP level 7. HP: 63/63 MP: 6/6
  4304 | D:4      | Found a runed translucent gate.
  4304 | D:4      | Found a runed translucent gate.
  4305 | D:4      | Found a runed translucent gate.
  4306 | D:4      | Noticed RighteousDevil's ghost (amateur DsCA)
  4969 | D:4      | Killed RighteousDevil's ghost
  5020 | D:5      | Entered Level 5 of the Dungeon
  5047 | D:5      | Reached skill level 7 in Fighting
  5111 | D:5      | Found a white marble altar of Elyvilon.
  5175 | D:5      | Reached XP level 8. HP: 54/73 MP: 7/7
  5177 | D:5      | Reached skill level 10 in Axes
  5259 | D:5      | Reached *** piety under Trog
  5469 | D:5      | Reached skill level 8 in Fighting
  5598 | D:5      | Noticed Sigmund
  5606 | D:5      | Killed Sigmund
  5679 | D:5      | Found a shadowy altar of Dithmenos.
  5989 | D:6      | Found a runed translucent door.
  5989 | D:6      | Noticed DemonSlayer's ghost (amateur DECj)
  6150 | D:6      | Reached XP level 9. HP: 82/82 MP: 8/8
  6183 | D:6      | Found a staircase to the Ecumenical Temple.
  6220 | D:6      | Reached skill level 9 in Fighting
  6561 | D:6      | Found a snail-covered altar of Cheibriados.
  6784 | D:6      | Reached skill level 10 in Fighting
  6813 | D:6      | Reached **** piety under Trog
  6858 | D:6      | Identified the +1 robe of the Louse {Harm Drain rElec
                  | rCorr}
  7001 | D:6      | Killed DemonSlayer's ghost
  7352 | D:7      | Reached XP level 10. HP: 94/94 MP: 9/9
  7404 | D:7      | Found a hazy altar of Hepliaklqana.
  7510 | D:7      | Found a sacrificial altar of Ru.
  7519 | D:7      | Found a sparkling altar of Nemelex Xobeh.
  7557 | D:7      | Found a sand-covered staircase.
  7740 | Ossuary  | Entered an ossuary
  7968 | Ossuary  | Reached ***** piety under Trog
  7999 | Ossuary  | Noticed Menkaure
  8004 | Ossuary  | Killed Menkaure
  8192 | D:7      | Found a hide-covered altar of Uskayaw.
  8324 | D:8      | Noticed Pikel
  8333 | D:8      | Killed Pikel
  8334 | D:8      | Reached skill level 11 in Fighting
  8547 | D:8      | Reached skill level 15 in Axes
  8949 | D:8      | Noticed a two-headed ogre
  8954 | D:8      | Killed a two-headed ogre
  9369 | D:8      | Received a gift from Trog
  9742 | D:9      | Noticed a two-headed ogre
  9749 | D:9      | Killed a two-headed ogre
  9750 | D:9      | Reached skill level 12 in Fighting
  9857 | D:9      | Reached XP level 11. HP: 104/104 MP: 10/10
 10184 | D:9      | Found an ancient bone altar of Kikubaaqudgha.
 10520 | D:9      | Found a shimmering altar of Xom.
 10661 | D:9      | Found a staircase to the Lair.
 10873 | D:10     | Entered Level 10 of the Dungeon
 11034 | D:10     | Noticed a two-headed ogre
 11043 | D:10     | Killed a two-headed ogre
 11325 | D:10     | Found a burning altar of Makhleb.
 11574 | D:10     | Reached skill level 13 in Fighting
 11589 | D:10     | Noticed a two-headed ogre
 11597 | D:10     | Killed a two-headed ogre
 11633 | D:10     | Found a staircase to the Orcish Mines.
 11633 | D:10     | Found Ryjidy's Weapon Boutique.
 11877 | D:10     | Found a radiant altar of Vehumet.
 12368 | D:10     | Identified the +0 morningstar "Sive" {spect, *Corrode Str+3
                  | Dex+4 Stlth+}
 12433 | D:11     | Found Nexaifuf's General Store.
 12436 | D:11     | Found Jeymeargh's Specific Store.
 12445 | D:11     | Bought a scroll of enchant armour for 97 gold pieces
 12445 | D:11     | Bought a potion of curing for 39 gold pieces
 12445 | D:11     | Bought a scroll of fog for 26 gold pieces
 12585 | D:11     | Noticed a two-headed ogre
 12591 | D:11     | Killed a two-headed ogre
 12603 | D:11     | Noticed a two-headed ogre
 12608 | D:11     | Killed a two-headed ogre
 12795 | D:11     | Noticed a two-headed ogre
 12801 | D:11     | Killed a two-headed ogre
 13145 | D:11     | Noticed a seven-headed hydra
 13158 | D:11     | Killed a 12-headed hydra
 13159 | D:11     | Reached skill level 14 in Fighting
 13159 | D:11     | Reached XP level 12. HP: 76/117 MP: 11/11
 13420 | D:11     | Noticed a boulder beetle
 13436 | D:11     | Killed a boulder beetle
 14179 | D:12     | Noticed a boulder beetle
 14195 | D:12     | Killed a boulder beetle
 14196 | D:12     | Noticed Snorg
 14203 | D:12     | Killed Snorg
 15053 | D:12     | Noticed a two-headed ogre
 15060 | D:12     | Killed a two-headed ogre
 15411 | D:12     | Reached skill level 15 in Fighting
 15802 | D:12     | Noticed a two-headed ogre
 15810 | D:12     | Killed a two-headed ogre
 15901 | D:12     | Noticed a death knight
 15905 | D:12     | Noticed a two-headed ogre
 15911 | D:12     | Killed a death knight
 15912 | D:12     | Noticed a five-headed hydra
 15921 | D:12     | Killed a two-headed ogre
 15922 | D:12     | Killed an eight-headed hydra
 16219 | D:12     | Noticed an eight-headed hydra
 16227 | D:12     | Killed a ten-headed hydra
 16230 | D:12     | Reached XP level 13. HP: 109/127 MP: 12/12
 17565 | D:12     | Paralysed by a great orb of eyes for 6 turns
 17575 | D:12     | Reached skill level 16 in Fighting
 18141 | D:12     | Identified a scroll of acquirement
 18141 | D:12     | Acquired the +0 pair of fencer's gloves {Riposte Dex+3}
 18141 | D:12     | Found the +0 pair of fencer's gloves {Riposte Dex+3}
 18379 | D:13     | Found Caaduguh's Antique Armour Boutique.
 19793 | D:14     | Found a gate to the Vaults.
 19793 | D:14     | Noticed an ironbound preserver
 20156 | D:14     | Identified the +9 spear "Ceggeocyba" {drain, Will+ Dex+4}
 21402 | D:14     | Killed an ironbound preserver
 21889 | Lair:1   | Entered Level 1 of the Lair of Beasts
 21897 | Lair:1   | Reached skill level 17 in Fighting
 21970 | Lair:1   | Reached skill level 1 in Throwing
 22101 | Lair:1   | Reached XP level 14. HP: 140/140 MP: 13/13
 23676 | Lair:2   | Found a staircase to the Swamp.
 24557 | D:10     | Bought the +4 executioner's axe of Punishment {venom,
                  | +Blink rF+ Will+} for 937 gold pieces
 24718 | Lair:3   | Reached skill level 5 in Armour
 24861 | Lair:3   | Found a hole to the Spider Nest.
 25529 | Lair:3   | Found a runed translucent door.
 25529 | Lair:3   | Noticed Dikli's ghost (journeyman MiBe)
 25833 | Lair:3   | Killed Dikli's ghost
 27356 | Lair:5   | Received a gift from Trog
 28049 | Lair:6   | Entered Level 6 of the Lair of Beasts
 28049 | Lair:6   | Found a staircase to the Slime Pits.
 28483 | Lair:6   | Reached skill level 5 in Throwing
 28560 | Lair:6   | Reached XP level 15. HP: 84/149 MP: 14/14
 28831 | Lair:6   | Reached skill level 18 in Fighting
 30018 | Lair:6   | Identified the +8 chain mail of Refuge {rElec rPois Dex-4
                  | Stlth+}
 30324 | Lair:6   | Received a gift from Trog
 30783 | Orc:1    | Entered Level 1 of the Orcish Mines
 31596 | Orc:2    | Entered Level 2 of the Orcish Mines
 31618 | Orc:2    | Reached skill level 5 in Dodging
 31634 | Orc:2    | Reached skill level 1 in Evocations
 31674 | Orc:2    | Found a staircase to the Elven Halls.
 31752 | Orc:2    | Found Zurch's Gadget Gallery.
 31851 | Orc:2    | Received a gift from Trog
 32555 | Orc:2    | Found a runed translucent door.
 32557 | Orc:2    | Noticed danielguo94's ghost (journeyman GrFi)
 32701 | Orc:2    | Found Poaheh's Assorted Antiques.
 32701 | Orc:2    | Found Toredded's Antique Weapon Boutique.
 32703 | Orc:2    | Found Huwkim's General Store.
 32705 | Orc:2    | Found Lengul's Assorted Antiques.
 32709 | Orc:2    | Bought a scratched brass ring for 120 gold pieces
 32711 | Orc:2    | Bought a garnet-encrusted chain mail for 294 gold pieces
 32711 | Orc:2    | Identified the +1 chain mail of Nemelex Xobeh's Anger
                  | {Rampage Str+4 Dex+4} (You bought it in a shop on level 2
                  | of the Orcish Mines)
 32716 | Orc:2    | Bought an iridescent hand axe for 288 gold pieces
 32716 | Orc:2    | Identified the +2 hand axe of Noruiso {vorpal, rElec Int+3}
                  | (You bought it in a shop on level 2 of the Orcish Mines)
 32716 | Orc:2    | Bought a crystal hand axe for 288 gold pieces
 32716 | Orc:2    | Identified the +1 hand axe of Jariwkag {flame, rC+} (You
                  | bought it in a shop on level 2 of the Orcish Mines)
 32796 | Orc:2    | Killed danielguo94's ghost
 32945 | Elf:1    | Entered Level 1 of the Elven Halls
 32954 | Elf:1    | Reached skill level 10 in Armour
 34334 | Elf:1    | Found Ohoolipp's Weapon Shoppe.
 34339 | Elf:1    | Noticed Donald
 34346 | Elf:1    | Killed Donald
 34988 | Spider:1 | Entered Level 1 of the Spider Nest
 35040 | Spider:1 | Identified the +7 battleaxe "Hyagicyt" {vorpal, SInv} (Trog
                  | gifted it to you on level 1 of the Spider Nest)
 35040 | Spider:1 | Received a gift from Trog
 35125 | Spider:1 | Reached XP level 16. HP: 158/159 MP: 15/15
 35132 | Spider:1 | Noticed Josephine
 35146 | Spider:1 | Killed Josephine
 35251 | Spider:1 | Reached skill level 19 in Fighting
 35878 | Spider:1 | Reached skill level 5 in Evocations
 36414 | Spider:1 | Identified the +1 ring mail of Bugiwk {+Inv Str-5 Int+6
                  | Stlth+}
 37271 | Spider:2 | Noticed Frances
 37279 | Spider:2 | Killed Frances
 37444 | Spider:2 | Reached ****** piety under Trog
 37498 | Spider:2 | Received a gift from Trog
 37540 | Spider:2 | You fall into a shaft and drop 1 floor!
 37854 | Spider:3 | Reached skill level 20 in Fighting
 37887 | Spider:3 | Reached skill level 10 in Dodging
 38220 | Spider:3 | Reached XP level 17. HP: 139/170 MP: 16/16
 38658 | Spider:4 | Entered Level 4 of the Spider Nest
 38783 | Spider:2 | Received a gift from Trog
 39847 | Spider:4 | Reached skill level 21 in Fighting
 39854 | Spider:4 | Identified the +10 battleaxe of Trog's Brutal Revenge
                  | {vorpal, rPois rF+ rCorr} (Trog gifted it to you on level 4
                  | of the Spider Nest)
 39854 | Spider:4 | Received a gift from Trog
 40683 | Spider:4 | Identified the +4 tower shield of Vanity {Harm *Slow +Blink
                  | Stlth+}
 40714 | Spider:4 | Got a gossamer rune of Zot
 40979 | Swamp:1  | Entered Level 1 of the Swamp
 41308 | Swamp:1  | Identified the +1 ring mail of the Saviour {Int+10}
 41648 | Swamp:1  | Reached skill level 10 in Evocations
 41819 | Swamp:1  | Identified the +9 dagger of Day {vorpal, *Corrode +Blink
                  | rC+ Dex+4}
 42336 | Swamp:2  | Received a gift from Trog
 42387 | Swamp:2  | Reached skill level 22 in Fighting
 43078 | Swamp:4  | Entered Level 4 of the Swamp
 43089 | Swamp:4  | Reached XP level 18. HP: 115/172 MP: 17/17
 43727 | Swamp:4  | Noticed a tentacled monstrosity
 43743 | Swamp:4  | Killed a tentacled monstrosity
 43816 | Swamp:4  | Noticed a tentacled monstrosity
 43821 | Swamp:4  | Killed a tentacled monstrosity
 43989 | Swamp:4  | Got a decaying rune of Zot
 44025 | Swamp:4  | Paralysed by a fenstrider witch for 6 turns
 44417 | Vaults:1 | Entered Level 1 of the Vaults
 44505 | Vaults:1 | Received a gift from Trog
 45019 | Vaults:1 | Reached skill level 23 in Fighting
 45678 | Vaults:1 | Reached skill level 15 in Armour
 45887 | Vaults:2 | Received a gift from Trog
 46338 | Vaults:2 | Reached XP level 19. HP: 182/195 MP: 14/18
 46946 | Vaults:2 | Noticed a bone dragon
 46957 | Vaults:2 | Killed a bone dragon
 46959 | Vaults:2 | Found a staircase to the Crypt.
 48426 | Vaults:3 | Received a gift from Trog
 48870 | Vaults:3 | Identified the +1 scale mail of Ulean {Rampage Int+2 SInv}
 49208 | Vaults:3 | Reached skill level 24 in Fighting
 49691 | Vaults:3 | Found Utzasinoe's Armour Boutique.
 50475 | Vaults:4 | Identified the +6 quick blade of Trog's Righteous Fury
                  | {vorpal, rElec rCorr Dex+7} (Trog gifted it to you on level
                  | 4 of the Vaults)
 50475 | Vaults:4 | Received a gift from Trog
 51137 | Vaults:4 | Reached XP level 20. HP: 94/207 MP: 9/19
 52292 | Vaults:5 | Entered Level 5 of the Vaults
 52310 | Vaults:5 | Received a gift from Trog
 53069 | Vaults:5 | Noticed a dread lich
 53090 | Vaults:5 | Killed a dread lich
 53556 | Vaults:5 | Reached skill level 25 in Fighting
 53768 | Vaults:3 | Bought the +9 scales of the Dragon King {rPois rF+ rC+
                  | Will+} for 1622 gold pieces
 53768 | Vaults:3 | Found the +9 scales of the Dragon King {rPois rF+ rC+
                  | Will+}
 53925 | Vaults:5 | Received a gift from Trog
 54489 | Vaults:5 | Identified the +6 plate armour of Qazlal's Grace {Contam
                  | rElec rPois Dex+4}
 54813 | Vaults:5 | Noticed a golden dragon
 54821 | Vaults:5 | Killed a golden dragon
 54965 | Vaults:5 | Reached skill level 15 in Evocations
 55259 | Vaults:5 | Reached XP level 21. HP: 217/217 MP: 20/20
 55259 | Vaults:5 | Identified the +1 scale mail of the Gusle {rC+ Regen+}
 55376 | Vaults:5 | Got a silver rune of Zot
 55958 | D:15     | Entered Level 15 of the Dungeon
 56091 | D:15     | Received a gift from Trog
 56094 | D:15     | Found a staircase to the Depths.
 56201 | D:15     | Found a sparkling altar of Nemelex Xobeh.
 56654 | Depths:1 | Entered Level 1 of the Depths
 57381 | Depths:1 | Reached skill level 26 in Fighting
 57394 | Depths:1 | Received a gift from Trog
 57910 | Depths:1 | Found a one-way gate leading to the halls of Pandemonium.
 57914 | Depths:1 | Gained mutation: You are frail. (-10% HP) [a cacodemon]
 58340 | Depths:1 | Found a gateway to Hell.
 58875 | Depths:2 | Noticed Louise
 58887 | Depths:2 | Noticed a golden dragon
 58889 | Depths:2 | Killed Louise
 58894 | Depths:2 | Found a one-way gate to the infinite horrors of the Abyss.
 58898 | Depths:2 | Killed a golden dragon
 59171 | Depths:2 | Reached skill level 27 in Fighting
 59663 | Depths:2 | Received a gift from Trog
 60248 | Depths:2 | Reached XP level 22. HP: 200/209 MP: 19/21
 60519 | Vaults:3 | Bought the +0 pair of boots of the Moneychanger {+Blink
                  | rN+} for 295 gold pieces
 60775 | Depths:2 | Found a one-way gateway to a ziggurat.
 60780 | Depths:2 | Paralysed by a great orb of eyes for 2 turns
 60847 | Depths:2 | Found Wopubas's Weapon Boutique.
 61351 | Depths:3 | Found a runed translucent door.
 61352 | Depths:3 | Found a runed translucent door.
 61353 | Depths:3 | Found the +5 demon whip "Spellbinder" {antimagic, Will+}
 61363 | Depths:3 | Noticed a juggernaut
 61373 | Depths:3 | Killed a juggernaut
 61724 | Depths:3 | Found a runed translucent door.
 61732 | Depths:3 | Found a runed translucent door.
 61793 | Depths:3 | Identified the +4 scale mail "Aloa" {+Blink rN++ Str-4
                  | Stlth+}
 61827 | Depths:3 | Noticed a golden dragon
 61836 | Depths:3 | Killed a golden dragon
 61937 | Depths:4 | Entered Level 4 of the Depths
 62040 | Depths:4 | Received a gift from Trog
 62278 | Depths:4 | Found Buutanuni's Weapon Shop.
 62598 | Depths:4 | Found a gate to the Realm of Zot.
 62677 | Zot:1    | Entered Level 1 of the Realm of Zot
 63443 | Zot:1    | Found a shimmering altar of Xom.
 63443 | Zot:1    | Noticed Sebriys's ghost (legendary TrBe)
 63723 | Zot:1    | Found a runed translucent door.
 63731 | Zot:1    | Noticed an orb of fire
 63734 | Zot:1    | Gained mutation: You sometimes lose the ability to read
                  | scrolls when taking damage. [an orb of fire]
 63739 | Zot:1    | Gained mutation: You are very frail. (-20% HP) [an orb of
                  | fire]
 63746 | Zot:1    | Killed an orb of fire
 63774 | Zot:1    | Reached skill level 15 in Dodging
 63776 | Zot:1    | Lost mutation: You sometimes lose the ability to read
                  | scrolls when taking damage. [potion of mutation]
 63776 | Zot:1    | Lost mutation: You are very frail. (-20% HP) [potion of
                  | mutation]
 63776 | Zot:1    | Lost mutation: You are frail. (-10% HP) [potion of
                  | mutation]
 63776 | Zot:1    | Gained mutation: You are clumsy. (Dex -2) [potion of
                  | mutation]
 64208 | Zot:3    | Noticed a golden dragon
 64213 | Zot:3    | Killed a golden dragon
 64238 | Zot:3    | Noticed a curse toe
 64247 | Zot:3    | Killed a curse toe
 64571 | Zot:3    | Reached skill level 10 in Throwing
 64571 | Zot:3    | Reached XP level 23. HP: 240/240 MP: 22/22
 64986 | Zot:2    | Noticed an orb of fire
 65051 | Zot:4    | HP: 10/240 [something/bolt of lightning (46)]
 65083 | Zot:3    | Received a gift from Trog
 65889 | Zot:4    | Noticed a curse toe
 65898 | Zot:4    | Killed a curse toe
 66266 | Zot:5    | Entered Level 5 of the Realm of Zot
 66633 | Zot:5    | Noticed a Killer Klown
 66647 | Zot:5    | Killed a Killer Klown
 66648 | Zot:5    | Reached XP level 24. HP: 228/249 MP: 13/22
 67696 | Zot:5    | Identified the ring "Vihefeoh" {Ice Fly}
 68055 | Zot:5    | Noticed a dread lich
 68056 | Zot:5    | Noticed a dread lich
 68070 | Zot:5    | Killed a dread lich
 68072 | Zot:5    | Killed a dread lich
 68088 | Zot:5    | Noticed a Killer Klown
 68099 | Zot:5    | Killed a Killer Klown
 68099 | Zot:5    | Noticed a Killer Klown
 68104 | Zot:5    | Noticed an orb of fire
 68106 | Zot:5    | Noticed an orb of fire
 68106 | Zot:5    | Gained mutation: You sometimes lose the ability to read
                  | scrolls when taking damage. [an orb of fire]
 68108 | Zot:5    | Noticed a Killer Klown
 68108 | Zot:5    | Gained mutation: You are occasionally teleported next to
                  | monsters. [an orb of fire]
 68110 | Zot:5    | Gained mutation: You have hidden genetic potential. [an orb
                  | of fire]
 68110 | Zot:5    | HP: 11/249 [orb of fire/bolt of fire (22)]
 68111 | Zot:5    | Killed from afar by a Killer Klown

Illustrated notes

Levels and vault maps discovered:
D:1:      dpeg_arrival_leaves_temple_mockup, layout_basic
D:2:      layout_rooms, hellmonk_ecumenical_altar_run_dry, corexii_shack,
          chequers_serial_rivers_small_3, uniq_natasha
D:3:      minmay_octagon_keep, layout_basic, nicolae_overflow_crystal_walls,
          fedhas_altar_2, serial_rivers, chequers_serial_rivers_small_3,
          chequers_serial_rivers_room_b, chequers_serial_rivers_small_3,
          chequers_serial_rivers_small_3, chequers_serial_rivers_small_b,
          chequers_serial_rivers_large_b, chequers_serial_rivers_room_a,
          serial_park_tiny_2, minmay_fractal_squares_diagonal_5, uniq_robin,
          uniq_grinder, uniq_ijyb
D:4:      layout_basic, ebering_ghost_rock_garden, minmay_misc_feat_iff,
          uniq_blork_the_orc
D:5:      layout_basic, kennysheep_mini_moat, mainiacjoe_overflow_catwalk,
          minmay_bent, uniq_sigmund
D:6:      layout_basic, mainiacjoe_overflow_brackets,
          minmay_temple_entry_slanted, hellmonk_ghost_happy_afterlife,
          minmay_circle_x
D:7:      layout_basic, nicolae_hepliaklqana_monster_ancestors,
          nicolae_uskayaw_dance_studio, mainiacjoe_overflow_swirl,
          chequers_ossuary_entry_cave, minmay_holes, chequers_mini_garden
D:8:      layout_loops_cross, eino_tiny_chamber, hangedman_decor_points,
          uniq_pikel
D:9:      layout_basic, tgw_kikubaaqudgha, marbit_many_paths, lair_entry_dummy
D:10:     layout_basic, vehumet_altar_wand_db, demons_altar, orc_david_3,
          lemuel_flamethrower_hall
D:11:     minmay_weird_star, layout_loops_ring, nicolae_specific_store
D:12:     minmay_quarter_circles, layout_layer_cave,
          nicolae_elevator_lobby_asterisk, uniq_snorg
D:13:     layout_irregular_city, serial_shops, nicolae_shop_hallway_stairs
D:14:     layout_loops_cross, skrybe_vaults_entry_preservation,
          chequers_big_river, serial_bayou_pond_e, drop_trap
D:15:     grunt_enter_depths_magical_seal, layout_rooms,
          nemelex_xobeh_ov_fountains_minmay
Lair:1:   layout_cave_pods, grunt_megastairs_4, serial_bayou_shore_a,
          infiniplex_staircase_pool, serial_bayou_shore_b
Lair:2:   layout_gridlike, swamp_mist_pool, disabler_island
Lair:3:   layout_chaotic_city, nicolae_spider_entry_orb_guardian,
          gammafunk_ghost_grave, chequers_serial_rivers_micro_e,
          grunt_megastairs_1
Lair:4:   layout_small_grid, serial_bayou_lagoon_b, lemuel_fruit_tree,
          grunt_megastairs_2, serial_bayou_shore_b
Lair:5:   layout_misc_corridors
Lair:6:   hangedman_lair_tendril_chambers, layout_cave_pods,
          guppyfry_lair_end_dragon, nicolae_slime_entry_slimehenge
Swamp:1:  layout_falls_marsh, nicolae_swamp_bean_lake,
          infiniplex_staircase_pool_2
Swamp:2:  nicolae_swamp_flooded_prison, layout_basic_swamp,
          evilmike_swamp_ruin_house_6, swamp_pool4
Swamp:3:  layout_falls_marsh, hangedman_swamp_lotus, uniq_aizul
Swamp:4:  nzn_swamp_witches_coven, layout_basic_swamp
Spider:1: layout_spider_delve, drop_trap, uniq_josephine
Spider:2: nicolae_spider_hilbert_zone_4 [nicolae_spider_hilbert_4_sides_2_open,
          nicolae_spider_hilbert_4_sides_1_open,
          nicolae_spider_hilbert_4_sides_1_open,
          nicolae_spider_hilbert_4_sides_1_open,
          nicolae_spider_hilbert_4_sides_1_open,
          nicolae_spider_hilbert_2_sides_1_open,
          nicolae_spider_hilbert_2_sides_1_open,
          nicolae_spider_hilbert_2_sides_1_open,
          nicolae_spider_hilbert_2_sides_1_open,
          nicolae_spider_hilbert_6_sides_1_open,
          nicolae_spider_hilbert_6_sides_1_open,
          nicolae_spider_hilbert_3_sides_1_open,
          nicolae_spider_hilbert_3_sides_1_open], uniq_frances
Spider:3: layout_spider_delve, nicolae_spider_eight_legs
Spider:4: hellmonk_spider_rune_endless_swarm, drop_trap,
          nicolae_spider_paper_wasps
Orc:1:    layout_caves, nooodl_orcs_dogs
Orc:2:    st_orc_rangers, layout_caves, gauntlet_entry_generic,
          ebering_ghost_inner_flame, special_room, nicolae_shop_gadgets
Elf:1:    minmay_elf_arrival_summoners, layout_gridlike, serial_shops,
          nicolae_take_the_stairs, kennysheep_underground_church, uniq_donald
Vaults:1: nicolae_vaults_statue_guard, v_rooms_1, v_alt_pattern_2,
          hangedman_vaults_trim, hangedman_vaults_pinch,
          ontoclasm_vaults_ligature, v_misc_13, v_alt_pattern_5,
          hangedman_vaults_variations, layout_vaults_maze_snakey
Vaults:2: minmay_crypt_entry_nasty_monster, nicolae_vaults_stairing_the_circle,
          ontoclasm_vaults_idyll, vaults_room_fours, vaults_room_semicircle,
          v_misc_8, layout_vaults_big_room
Vaults:3: portal_desolation_entry_garden, nicolae_vaults_ring_of_whatevers,
          v_misc_24, v_misc_3, hangedman_vaults_nodes, hangedman_vaults_slice,
          v_misc_10, nicolae_vaults_network_star, vaults_dpeg_doors,
          grunt_vaults_funnel, nicolae_vaults_asterisk, v_misc_8,
          ontoclasm_vaults_loading_screen, layout_vaults_omnicross,
          serial_shops, shop
Vaults:4: nicolae_vaults_angled_halls, hangedman_vaults_capsules,
          ontoclasm_vaults_gateway, st_more_cells,
          nicolae_vaults_network_barrier, nicolae_vaults_three_branches,
          ontoclasm_vaults_eye, layout_vaults_quadrants
Vaults:5
Depths:1: minmay_spriggan_fort, layout_small_grid, rand_demon_pan_entry_9,
          hangedman_decor_lopped, hell_entry, st_stairs_10, drop_trap,
          kennysheep_generic_room_8
Depths:2: nzn_winding_woodlands_cross [nzn_winding_woodlands_5x15_garden,
          nzn_winding_woodlands_5x15_jagged,
          nzn_winding_woodlands_5x15_sidewinder,
          nzn_winding_woodlands_5x15_split_checker,
          nzn_winding_woodlands_15x15_five_gardens], layout_long_grid,
          enter_ziggurat_c, pan_entry, hell_entry,
          nicolae_abyss_entry_one_way_or_another, serial_shops, kennysheep_mini,
          minmay_staircase_statues
Depths:3: impenetrable_vault, layout_gridlike, abyss_entry, serial_shops,
          kennysheep_little_box, grunt_hell_entry_demonic_statue,
          grunt_pan_entry_in_and_out, st_stairs_4,
          infiniplex_staircase_split_hallway
Depths:4: evilmike_zot_entry_diamond, layout_basic,
          nicolae_qazlal_scattered_showers, pf_hell_entry_tar_spiral,
          serial_shops, shop, uniq_saint_roka
Zot:1:    layout_misc_corridors, ebering_ghost_xom
Zot:2:    layout_gridlike
Zot:3:    layout_gridlike, st_stairs_5
Zot:4:    layout_twisted_circle
Zot:5:    layout_basic

Skill      XL: |  1  2  3  4  5  6  7  8  9 10 11 12 13 14 15 16 17 18 19 20 21 22 23 24 |
---------------+-------------------------------------------------------------------------+-----
Axes           | 4 5 6 7 8 9 12 14 16 18 21 22 24 | 24.0
Fighting       | 4 5 6 7 8 10 12 14 15 17 18 20 22 23 24 25 27 | 27.0
Throwing       | 1 5 6 7 10 11 12 | 12.1
Armour         | 3 7 11 12 15 17 18 20 | 20.0
Dodging        | 3 6 10 11 13 15 16 17 | 17.0
Evocations     | 3 7 10 12 13 15 16 17 | 17.5

Action                   |  1- 3 |  4- 6 |  7- 9 | 10-12 | 13-15 | 16-18 | 19-21 | 22-24 || total
-------------------------+-------+-------+-------+-------+-------+-------+-------+-------++-------
Melee: Hand axe          |    59 |   113 |   134 |       |       |       |       |       ||   306
       Headbutt          |     9 |    11 |    45 |    92 |   173 |   258 |   338 |   147 ||  1073
       Punch             |       |       |     1 |       |       |       |       |       ||     1
       Battleaxe         |       |       |    78 |   393 |   269 |       |       |       ||   740
       Executioner's axe |       |       |       |       |   485 |  1017 |   970 |   398 ||  2870
       Demon whip        |       |       |       |       |       |       |       |    10 ||    10
Throw: Dart              |       |       |       |     4 |    15 |    22 |       |       ||    41
Invok: Berserk           |     2 |     6 |    12 |    19 |    22 |     8 |     6 |     5 ||    80
       Trog's Hand       |       |     1 |       |       |     1 |       |     1 |     1 ||     4
       Brothers in Arms  |       |       |       |     1 |     2 |     2 |     4 |     2 ||    11
 Abil: Evoke Blink       |       |       |       |       |       |       |       |     4 ||     4
Evoke: Wand              |       |       |       |       |       |     1 |       |       ||     1
       Condenser vane    |       |       |       |       |       |       |     1 |     1 ||     2
  Use: Scroll            |       |       |       |     4 |    16 |     2 |     9 |     6 ||    37
       Potion            |       |       |       |     8 |     1 |     4 |     9 |     8 ||    30
 Stab: Distracted        |       |       |       |       |     1 |       |     1 |       ||     2
       Petrified         |       |       |       |       |       |       |     1 |       ||     1
Armor: Animal skin       |    14 |     5 |       |       |       |       |       |       ||    19
       Ring mail         |       |    16 |    51 |       |       |       |       |       ||    67
       Plate armour      |       |       |    46 |   218 |   214 |       |       |       ||   478
       Chain mail        |       |       |       |       |   124 |   740 |   303 |       ||  1167
       Gold dragon scale |       |       |       |       |       |       |   361 |   312 ||   673
Dodge: Dodged            |    45 |    54 |   112 |   162 |   235 |   632 |   440 |   212 ||  1892
Block: Other             |       |       |       |    39 |   140 |    31 |       |       ||   210
       Reflection        |       |       |       |     1 |    15 |       |       |       ||    16
       Rpst.: Battleaxe  |       |       |       |       |    14 |       |       |       ||    14
       Executioner's axe |       |       |       |       |    35 |   121 |    73 |    38 ||   267
